MWL (24 & UNDER)
PLUMSTEAD EAGLES @ BEMIDJI BENDERS
09/06/2027
 
TOP OF THE 1ST
Plumstead Eagles batting - Pitching for Bemidji Benders : RHP Rafael Sánchez
Pitching: RHP Rafael Sánchez
Batting: RHB Pablo Villarreal 0-0: Swinging Strike
0-1: Swinging Strike
0-2: Foul Ball, location: 2F
0-2: Foul Ball, location: 2F
0-2: Strikes out swinging
Batting: RHB Rob Brady 0-0: Ball
1-0: Ball
2-0: Foul Ball, location: 2F
2-1: Ground out 6-3 (Groundball, 6S)
Batting: RHB Jaime Rodríguez 0-0: Ball
1-0: Ball
2-0: Ball
3-0: Base on Balls
Batting: RHB Juan Caceres 0-0: Foul Ball, location: 2F
0-1: Ball
1-1: Foul Ball, location: 2F
1-2: SINGLE (Groundball, 56D)
Jaime Rodríguez to second
Batting: RHB Kolomon Meise 0-0: Ground out 2-3 (Groundball, 15S)
Top of the 1st over - 0 run(s), 1 hit(s), 0 error(s), 2 left on base; Plumstead 0 - Bemidji 0
BOTTOM OF THE 1ST
Bemidji Benders batting - Pitching for Plumstead Eagles : RHP Chris Jennings
Pitching: RHP Chris Jennings
Batting: RHB John Jones 0-0: Ball
1-0: SINGLE (Groundball, 6D)
Batting: SHB Jorge García 0-0: Foul Ball, location: 2F
0-1: Called Strike
0-2: Ball
John Jones is caught stealing 2nd base
1-2: Ball
2-2: Foul Ball, location: 2F
2-2: Fly out, F9 (Line Drive, 9D)
Batting: LHB Caleb Hall 0-0: Ball
1-0: Ball
2-0: Foul Ball, location: 2F
2-1: Ball
3-1: Base on Balls
Batting: RHB Pablo Díaz 0-0: Ball
1-0: Ball
2-0: Foul Ball, location: 2F
2-1: Called Strike
2-2: Foul Ball, location: 2F
2-2: DOUBLE (Line Drive, 78XD)
Caleb Hall to third
Runner from 3rd tries for Home, SAFE, no throw
Batting: RHB Joe Zapata 0-0: Fly out, F8 (Flyball, 8LS)
Bottom of the 1st over - 1 run(s), 2 hit(s), 0 error(s), 1 left on base; Plumstead 0 - Bemidji 1
TOP OF THE 2ND
Plumstead Eagles batting - Pitching for Bemidji Benders : RHP Rafael Sánchez
Batting: RHB Jeff Townsley 0-0: Ground out 4-3 (Groundball, 4)
Batting: RHB Matt Thompson 0-0: Ground out 6-3 (Groundball, 56)
Batting: RHB Howard Johnson 0-0: Called Strike
0-1: Ball
1-1: Ball
2-1: Ball
3-1: Base on Balls
Batting: LHB Ryan Flynn 0-0: Called Strike
0-1: Ball
1-1: Ball
Howard Johnson is caught stealing 2nd base
Top of the 2nd over - 0 run(s), 0 hit(s), 0 error(s), 0 left on base; Plumstead 0 - Bemidji 1
BOTTOM OF THE 2ND
Bemidji Benders batting - Pitching for Plumstead Eagles : RHP Chris Jennings
Batting: RHB Roberto Solís 0-0: Ball
1-0: Foul Ball, location: 2F
1-1: Swinging Strike
1-2: Ground out 4-3 (Groundball, 4)
Batting: LHB Pat Carroll 0-0: Called Strike
0-1: Ball
1-1: SOLO HOME RUN (Flyball, 9LD), Distance : 342 ft
Batting: RHB Roberto Villela 0-0: Ball
1-0: Called Strike
1-1: SINGLE (Line Drive, 6MD)
Batting: LHB Ramón Juárez 0-0: Ball
1-0: Fly out, F8 (Line Drive, 8RM)
Batting: RHB John Jones 0-0: Ball
1-0: Ball
2-0: Called Strike
2-1: SINGLE (Line Drive, 4M)
Roberto Villela to second
Batting: SHB Jorge García 0-0: Called Strike
0-1: Foul Ball, location: 2F
0-2: Ball
1-2: Foul Ball, location: 2F
1-2: Ball
Wild Pitch!
Roberto Villela to third
John Jones to second
2-2: Strikes out looking
Bottom of the 2nd over - 1 run(s), 3 hit(s), 0 error(s), 2 left on base; Plumstead 0 - Bemidji 2
TOP OF THE 3RD
Plumstead Eagles batting - Pitching for Bemidji Benders : RHP Rafael Sánchez
Batting: LHB Ryan Flynn 0-0: Ball
1-0: SOLO HOME RUN (Flyball, 89XD), Distance : 369 ft
Batting: RHB Pablo Villarreal 0-0: Called Strike
0-1: Ball
1-1: Fly out, F8 (Flyball, 8LM)
Batting: RHB Rob Brady 0-0: Fly out, F3 (Popup, 3L)
Batting: RHB Jaime Rodríguez 0-0: Ball
1-0: DOUBLE (Line Drive, 7LM)
Batting: RHB Juan Caceres 0-0: Ball
1-0: Ball
2-0: Ground out 4-3 (Groundball, 4)
Top of the 3rd over - 1 run(s), 2 hit(s), 0 error(s), 1 left on base; Plumstead 1 - Bemidji 2
BOTTOM OF THE 3RD
Bemidji Benders batting - Pitching for Plumstead Eagles : RHP Chris Jennings
Batting: LHB Caleb Hall 0-0: Called Strike
0-1: Called Strike
0-2: Ball
1-2: Strikes out swinging
Batting: RHB Pablo Díaz 0-0: Swinging Strike
0-1: Foul Ball, location: 2F
0-2: Ball
1-2: Ground out 6-3 (Groundball, 6D)
Batting: RHB Joe Zapata 0-0: Ball
1-0: Called Strike
1-1: SINGLE (Groundball, 56D)
Batting: RHB Roberto Solís 0-0: Ball
1-0: Swinging Strike
1-1: Swinging Strike
1-2: Ball
2-2: Strikes out swinging
Bottom of the 3rd over - 0 run(s), 1 hit(s), 0 error(s), 1 left on base; Plumstead 1 - Bemidji 2
TOP OF THE 4TH
Plumstead Eagles batting - Pitching for Bemidji Benders : RHP Rafael Sánchez
Batting: RHB Kolomon Meise 0-0: Called Strike
0-1: Called Strike
0-2: Ball
1-2: Ball
2-2: Fly out, F3 (Popup, 3)
Batting: RHB Jeff Townsley 0-0: Ball
1-0: Swinging Strike
1-1: Foul Ball, location: 2F
1-2: Ball
2-2: Strikes out swinging
Batting: RHB Matt Thompson 0-0: Ball
1-0: Ball
2-0: DOUBLE (Flyball, 9LD)
Batting: RHB Howard Johnson 0-0: Foul Ball, location: 2F
0-1: Foul Ball, location: 2F
0-2: Ball
1-2: Strikes out swinging
Top of the 4th over - 0 run(s), 1 hit(s), 0 error(s), 1 left on base; Plumstead 1 - Bemidji 2
BOTTOM OF THE 4TH
Bemidji Benders batting - Pitching for Plumstead Eagles : RHP Chris Jennings
Batting: LHB Pat Carroll 0-0: Ball
1-0: Ball
2-0: Called Strike
2-1: Foul Ball, location: 2F
2-2: Hit by Pitch
Batting: RHB Roberto Villela 0-0: Ball
1-0: Called Strike
1-1: Ball
2-1: Ball
3-1: Base on Balls
Pat Carroll to second
Batting: LHB Ramón Juárez 0-0: Ball
1-0: Called Strike
1-1: Ball
2-1: Foul Ball, location: 2F
2-2: Ball
3-2: SINGLE (Line Drive, 34D)
Pat Carroll to third
Roberto Villela to second
Batting: RHB John Jones 0-0: Foul Ball, location: 2F
0-1: Foul Ball, location: 2F
0-2: Ball
1-2: Fly out, F8 (Flyball, 8RM)
Runner from 3rd tags up, SCORES, no throw
Batting: SHB Jorge García 0-0: Ball
1-0: Fly out, F5 (Line Drive, 56)
Batting: LHB Caleb Hall 0-0: Ball
1-0: Foul Ball, location: 2F
1-1: Ball
2-1: Foul Ball, location: 2F
2-2: Ball
3-2: Base on Balls
Roberto Villela to third
Ramón Juárez to second
Pitching: RHP Paul Orr
Batting: RHB Pablo Díaz 0-0: Ball
Passed Ball!
Roberto Villela scores
Ramón Juárez to third
Caleb Hall to second
1-0: DOUBLE (Line Drive, 7LM)
Ramón Juárez scores
Caleb Hall scores
Batting: RHB Joe Zapata 0-0: Foul Ball, location: 2F
0-1: Swinging Strike
0-2: Ball
1-2: Foul Ball, location: 2F
1-2: Strikes out looking
Bottom of the 4th over - 4 run(s), 2 hit(s), 0 error(s), 1 left on base; Plumstead 1 - Bemidji 6
TOP OF THE 5TH
Plumstead Eagles batting - Pitching for Bemidji Benders : RHP Rafael Sánchez
Batting: LHB Ryan Flynn 0-0: Called Strike
0-1: Foul Ball, location: 2F
0-2: Ground out U3 (Groundball, 3L)
Batting: RHB Pablo Villarreal 0-0: Swinging Strike
0-1: Fly out, F7 (Line Drive, 7)
Batting: RHB Rob Brady 0-0: Swinging Strike
0-1: Ball
1-1: Swinging Strike
1-2: DOUBLE (Line Drive, 8LXD)
Batting: RHB Jaime Rodríguez 0-0: Ball
1-0: Called Strike
1-1: Ball
2-1: Foul Ball, location: 2F
2-2: DOUBLE (Line Drive, 78XD)
Rob Brady scores
Batting: RHB Juan Caceres 0-0: Called Strike
0-1: Ball
1-1: Ball
2-1: Swinging Strike
2-2: Strikes out swinging
Top of the 5th over - 1 run(s), 2 hit(s), 0 error(s), 1 left on base; Plumstead 2 - Bemidji 6
BOTTOM OF THE 5TH
Bemidji Benders batting - Pitching for Plumstead Eagles : RHP Paul Orr
Batting: RHB Roberto Solís 0-0: Foul Ball, location: 2F
0-1: Swinging Strike
0-2: Strikes out looking
Batting: LHB Pat Carroll 0-0: Ball
1-0: Fly out, F4 (Popup, 4)
Batting: RHB Roberto Villela 0-0: Ball
1-0: Ball
2-0: Called Strike
2-1: Ball
3-1: Called Strike
3-2: Strikes out swinging
Bottom of the 5th over - 0 run(s), 0 hit(s), 0 error(s), 0 left on base; Plumstead 2 - Bemidji 6
TOP OF THE 6TH
Plumstead Eagles batting - Pitching for Bemidji Benders : RHP Rafael Sánchez
Batting: RHB Kolomon Meise 0-0: Ball
1-0: SINGLE (Groundball, 56D)
Batting: RHB Jeff Townsley 0-0: Called Strike
0-1: Ball
1-1: Fly out, F9 (Flyball, 9)
Batting: RHB Matt Thompson 0-0: Called Strike
0-1: Ball
1-1: Ball
2-1: Ball
3-1: SINGLE (Flyball, 7LM)
Kolomon Meise to second
Pitching: RHP Colin Younger
Batting: RHB Howard Johnson 0-0: Ball
1-0: Called Strike
1-1: Ball
2-1: Ball
3-1: Foul Ball, location: 2F
3-2: Foul Ball, location: 2F
3-2: Base on Balls
Kolomon Meise to third
Matt Thompson to second
Batting: LHB Ryan Flynn 0-0: Ball
1-0: Grounds into fielders choice 1-2 (Groundball, P)
Matt Thompson to third
Howard Johnson to second
Batting: RHB Pablo Villarreal 0-0: Called Strike
0-1: Ball
1-1: Foul Ball, location: 2F
1-2: Foul Ball, location: 2F
1-2: Ground out 3-1 (Groundball, 34)
Top of the 6th over - 0 run(s), 2 hit(s), 0 error(s), 3 left on base; Plumstead 2 - Bemidji 6
BOTTOM OF THE 6TH
Bemidji Benders batting - Pitching for Plumstead Eagles : RHP Paul Orr
Batting: LHB Ramón Juárez 0-0: Swinging Strike
0-1: Ground out 1-3 (Groundball, 15S)
Batting: RHB John Jones 0-0: Fly out, F9 (Flyball, 89M)
Batting: SHB Jorge García 0-0: Ball
1-0: Called Strike
1-1: Ball
2-1: Ground out 4-3 (Groundball, 4)
Bottom of the 6th over - 0 run(s), 0 hit(s), 0 error(s), 0 left on base; Plumstead 2 - Bemidji 6
TOP OF THE 7TH
Plumstead Eagles batting - Pitching for Bemidji Benders : RHP Colin Younger
Batting: RHB Rob Brady 0-0: Called Strike
0-1: Ball
1-1: Swinging Strike
1-2: Ground out 6-3 (Groundball, 6)
Batting: RHB Jaime Rodríguez 0-0: Fly out, F7 (Flyball, 7)
Batting: RHB Juan Caceres 0-0: Foul Ball, location: 2F
0-1: Called Strike
0-2: Ball
1-2: Ball
2-2: Fly out, F9 (Line Drive, 89S)
Top of the 7th over - 0 run(s), 0 hit(s), 0 error(s), 0 left on base; Plumstead 2 - Bemidji 6
BOTTOM OF THE 7TH
Bemidji Benders batting - Pitching for Plumstead Eagles : RHP Paul Orr
Batting: LHB Caleb Hall 0-0: Fly out, F8 (Flyball, 89M)
Batting: RHB Pablo Díaz 0-0: Ball
1-0: Called Strike
1-1: Foul Ball, location: 2F
1-2: Strikes out swinging
Batting: RHB Joe Zapata 0-0: Foul Ball, location: 2F
0-1: Swinging Strike
0-2: Foul Ball, location: 2F
0-2: Strikes out swinging
Bottom of the 7th over - 0 run(s), 0 hit(s), 0 error(s), 0 left on base; Plumstead 2 - Bemidji 6
TOP OF THE 8TH
Plumstead Eagles batting - Pitching for Bemidji Benders : RHP Colin Younger
Batting: RHB Kolomon Meise 0-0: Called Strike
0-1: Ball
1-1: Ball
2-1: Foul Ball, location: 2F
2-2: Foul Ball, location: 2F
2-2: Ground out 6-3 (Groundball, 6)
Batting: RHB Jeff Townsley 0-0: Ball
1-0: Foul Ball, location: 2F
1-1: Swinging Strike
1-2: Foul Ball, location: 2F
1-2: Ground out 6-3 (Groundball, 6)
Batting: RHB Matt Thompson 0-0: Swinging Strike
0-1: Ball
1-1: DOUBLE (Line Drive, 8LM)
Batting: RHB Howard Johnson 0-0: Called Strike
0-1: Ball
1-1: SINGLE (Groundball, 34D)
Matt Thompson to third
Runner from 3rd tries for Home, SAFE, no throw
Pitching: RHP Tom Fisher
Batting: LHB Ryan Flynn 0-0: Called Strike
0-1: Ball
1-1: Ball
2-1: Fly out, F8 (Flyball, 8RM)
Top of the 8th over - 1 run(s), 2 hit(s), 0 error(s), 1 left on base; Plumstead 3 - Bemidji 6
BOTTOM OF THE 8TH
Bemidji Benders batting - Pitching for Plumstead Eagles : RHP Paul Orr
Batting: RHB Roberto Solís 0-0: Called Strike
0-1: Foul Ball, location: 2F
0-2: Strikes out swinging
Batting: LHB Pat Carroll 0-0: Ball
1-0: Called Strike
1-1: Ground out 4-3 (Groundball, 4)
Batting: RHB Roberto Villela 0-0: Called Strike
0-1: Swinging Strike
0-2: Strikes out looking
Bottom of the 8th over - 0 run(s), 0 hit(s), 0 error(s), 0 left on base; Plumstead 3 - Bemidji 6
TOP OF THE 9TH
Plumstead Eagles batting - Pitching for Bemidji Benders : RHP Tom Fisher
Pitching: RHP Ambrose Palmer
Batting: RHB Pablo Villarreal 0-0: Ball
1-0: Ball
2-0: SINGLE (Line Drive, 6MD)
Batting: RHB Rob Brady 0-0: Ball
1-0: Foul Ball, location: 2F
1-1: Grounds into double play, 6-4-3 (Groundball, 6)
Batting: RHB Jaime Rodríguez 0-0: Ball
1-0: Ball
2-0: Ball
3-0: Called Strike
3-1: Base on Balls
Batting: RHB Juan Caceres 0-0: Called Strike
0-1: Ball
1-1: Ball
2-1: Called Strike
2-2: Foul Ball, location: 2F
2-2: Foul Ball, location: 2F
2-2: DOUBLE (Line Drive, 7LD)
Jaime Rodríguez to third
Pinch Hitting: RHB José Ortega 0-0: Ball
1-0: Ball
2-0: Called Strike
2-1: Ball
3-1: Base on Balls
Batting: RHB Jeff Townsley 0-0: Ball
1-0: SINGLE (Flyball, 8RS)
Jaime Rodríguez scores
Juan Caceres to third
José Ortega to second
Runner from 3rd tries for Home, SAFE, no throw
Pitching: RHP Miguel Delvalle
Pinch Hitting: LHB Dennis McConnell 0-0: Fly out, F8 (Line Drive, 8RM)
Top of the 9th over - 2 run(s), 3 hit(s), 0 error(s), 2 left on base; Plumstead 5 - Bemidji 6
Thursday, March 30th, 2017 - OOTP Baseball 17.12 Build 75